 Dungeon Crawl Stone Soup version 0.31-a0-728-g01b46875f1 (webtiles) character file.

Game seed: 14069546373073954917

1904 LeprechaunX the Changeling (level 9, -11/60 HPs)
             Began as an Octopode Shapeshifter on Sept 11, 2023.
             Killed from afar by an orc wizard (12 damage)
             ... with a puff of flame
             ... on level 6 of the Dungeon.
             The game lasted 00:06:09 (4240 turns).

LeprechaunX the Changeling (Octopode Shapeshifter)  Turns: 4240, Time: 00:06:09

Health: -11/60     AC:  1    Str: 17    XL:     9   Next: 15%
Magic:  9/9        EV: 14    Int: 13    God:
Gold:   127        SH:  4    Dex: 11    Spells: 8/8 levels left

rFire   . .          .
                       - Unarmed
rCold   . . .        r - +0 buckler
rNeg    . . .        (helmet currently unavailable)
rPois   .            (no amulet)
rElec   .            (no ring)
rCorr   .            (no ring)
SInv    .            (no ring)
Will    .....        (no ring)
Stlth   ++           (no ring)
HPRegen 0.30/turn    (no ring)
MPRegen 0.11/turn    (no ring)
                     (no ring)

%: no passive effects
@: beast-form
A: beast (slay +4), almost no armour, amphibious, 8 rings, camouflage 1,
gelatinous body 1, (nimble swimmer 1), tentacles
a: Begin Untransformation


You were on level 6 of the Dungeon.
You were a hulking beast.
You visited 1 branch of the dungeon, and saw 6 of its levels.

You collected 181 gold pieces.
You spent 54 gold pieces at shops.

Inventory:

Missiles
 q - 2 javelins (quivered)
Armour
 r - a +0 buckler (worn)
Jewellery
 i - an amulet of faith
 v - an amulet of guardian spirit
Talismans
 b - a beast talisman (active)
 c - a flux talisman
 j - a granite talisman
Wands
 h - a wand of charming (7)
 o - a wand of iceblast (11)
 p - a wand of polymorph (8)
Scrolls
 d - a scroll of blinking {unknown}
 e - a scroll of amnesia {unknown}
 f - a scroll of poison {unknown}
 k - 3 scrolls of identify {unknown}
 m - a scroll of teleportation {unknown}
 n - 2 scrolls of enchant weapon {unknown}
 s - a scroll of fear {unknown}
Potions
 a - a potion of lignification
 g - a potion of cancellation {unknown}
 l - a potion of curing {unknown}
 t - a potion of brilliance {unknown}
 u - a potion of resistance {unknown}


   Skills:
 + Level 4.9 Fighting
 + Level 5.3 Dodging
 + Level 2.7 Shields
 + Level 5.8 Unarmed Combat
 * Level 7.2 Shapeshifting


You had 8 spell levels left.
You didn't know any spells.
Your spell library contained the following spells:

 Spells                   Type           Power      Damage    Failure   Level
 Magic Dart               Conj           0%         1d3       36%         1
 Call Imp                 Summ           0%         N/A       52%         2
 Dazzling Flash           Conj/Hex       0%         N/A       75%         3
 Mephitic Cloud           Conj/Pois/Air  0%         N/A       75%         3
 Volatile Blastmotes      Fire/Tloc      0%         2d10      75%         3
 Starburst                Conj/Fire      0%         6d3       100%        6
 Maxwell's Capacitive Co  Air            0%         ∞         100%        8


Dungeon Overview and Level Annotations

Branches:
Dungeon (6/15)
 Temple: D:4-7

Altars:
Fedhas
Gozag
Wu Jian
The Shining One

Shops:
D:4 [?([   D:5 [*!?


Innate Abilities, Weirdness & Mutations

You are a hulking beast.
Your limbs bulge with bestial killing power. (Slay +4)
You cannot wear most types of armour.
You are amphibious.
You can wear up to eight rings at the same time.
Your skin changes colour to match your surroundings (Stealth+).
Your rubbery body absorbs attacks. (AC +1, EV +1)
((You are camouflaged when in or above water. (Stealth+)))
You have tentacles for arms and can constrict up to eight enemies at once.


Message History

You barely miss the orc wizard.
The orc wizard is moderately wounded.
You constrict the orc wizard. The orc wizard completely misses you.
Unknown command.
You release your grip on the orc wizard.
An orc comes into view.
It is wielding a +0 whip and wearing an orb of guile.
The orc wizard barely misses you.
The orc wizard hits you with a +0 dagger.
You tentacle-slap the orc wizard. Your squeeze misses the orc wizard.
The orc wizard is almost dead.
The orc barely misses you.
The orc wizard points at you and mumbles some strange words.
The magic dart hits you.
* * * LOW HITPOINT WARNING * * *
You bludgeon the orc!
You kill the orc!
An orc comes into view. It is wielding a +0 flail.
The orc wizard hits you with a +0 dagger.
* * * LOW HITPOINT WARNING * * *
Unknown command.
An orc wizard comes into view. It is wielding a +0 dagger.
You feel less confused. The orc wizard casts a spell at you.
The magic dart hits you!
* * * LOW HITPOINT WARNING * * *
The orc wizard shouts!
An orc comes into view. It is wielding a +0 hand axe.
The orc wizard hits you with a +0 dagger.
* * * LOW HITPOINT WARNING * * *
The orc shouts!
You tentacle-slap the orc wizard.
You kill the orc wizard!
Unknown command.
The orc wizard gestures at you while chanting.
The magic dart hits you!
* * * LOW HITPOINT WARNING * * *
Found a yellow potion and 2 poisoned darts.
The orc wizard points at you and mumbles some strange words.
The puff of flame hits you!
You die...

#..........####..
##........
##.....#..........
##.......
##...†..#.......#
....#....
####...)####......
#....#....
#.....).####.....
..........
##............... .(
#.......##......# #...
#..)....##......#....!
#............##h....#.
###........#...........
#........#..###.###..
#........#...##..#
....................
...).....o........#..
..#......))(.......##.#
#.....o.o.....##.. ..
#..................


You could see an orc wizard and 2 orcs.

Vanquished Creatures
  Pikel (D:4)
  Sigmund (D:3)
  A water moccasin (D:5)
  3 ogres
  A phantom (D:5)
  A bullfrog (D:6)
  Blork the orc (D:4)
  4 scorpions (D:5)
  4 killer bees (D:4)
  An orc priest (D:6)
  A hound (D:5)
  Natasha (thrice) (D:2)
  3 orc wizards
  6 adders
  An ufetubus (D:5)
  3 worms
  2 dart slugs
  6 orcs
  9 ball pythons
  7 endoplasms
  6 giant cockroaches
  4 goblins
  2 hobgoblins
  5 jackals
  6 quokkas
  2 bats
  2 frilled lizards
  5 kobolds
  3 rats
94 creatures vanquished.

Notes
Turn   | Place    | Note
-------+----------+-------------------------------------------
     0 | D:1      | LeprechaunX the Octopode Shapeshifter began the quest for
                  | the Orb.
     0 | D:1      | Reached XP level 1. HP: 13/13 MP: 1/1
   186 | D:1      | Reached XP level 2. HP: 18/18 MP: 2/2
   781 | D:2      | Reached XP level 3. HP: 23/23 MP: 3/3
   797 | D:2      | Noticed Natasha
   807 | D:2      | Killed Natasha
   870 | D:2      | Reached XP level 4. HP: 25/29 MP: 4/4
   923 | D:2      | Noticed Natasha
   926 | D:2      | Killed Natasha
   931 | D:2      | Found an ornate altar of the Wu Jian Council.
  1106 | D:2      | Noticed Natasha
  1119 | D:2      | Killed Natasha
  1120 | D:2      | Reached skill level 4 in Shapeshifting
  1120 | D:2      | Reached XP level 5. HP: 34/34 MP: 5/5
  1196 | D:2      | Noticed an ogre
  1210 | D:2      | Killed an ogre
  1847 | D:3      | Reached XP level 6. HP: 30/41 MP: 6/6
  2169 | D:3      | Noticed Sigmund
  2184 | D:3      | Killed Sigmund
  2328 | D:4      | Found Furoumn's Magic Scroll Shop.
  2368 | D:4      | Found a blossoming altar of Fedhas.
  2427 | D:4      | Found Xum Lesy's Armour Shoppe.
  2475 | D:4      | Noticed Pikel
  2485 | D:4      | Killed Pikel
  2486 | D:4      | Reached skill level 5 in Shapeshifting
  2486 | D:4      | Reached XP level 7. HP: 27/47 MP: 7/7
  2579 | D:4      | Found Qoreny's Antique Weapon Emporium.
  2579 | D:4      | Found Ninen's Armour Shoppe.
  2592 | D:4      | Bought a +0 buckler for 54 gold pieces
  2746 | D:4      | Noticed Blork the orc
  2749 | D:4      | Reached XP level 8. HP: 49/54 MP: 8/8
  2753 | D:4      | Killed Blork the orc
  2754 | D:4      | Reached skill level 5 in Unarmed Combat
  3043 | D:4      | Reached skill level 6 in Shapeshifting
  3051 | D:4      | Reached skill level 1 in Shields
  3267 | D:5      | Entered Level 5 of the Dungeon
  3407 | D:5      | Found Baynon's Distillery.
  3408 | D:5      | Found Qeqeobae's General Store.
  3427 | D:5      | Found Zoculuta's Magic Scroll Shoppe.
  3488 | D:5      | Reached skill level 5 in Dodging
  3645 | D:5      | Found Pumnyiki's Antique Armour Shoppe.
  3742 | D:5      | Reached XP level 9. HP: 34/59 MP: 9/9
  3753 | D:5      | Found a glowing golden altar of the Shining One.
  3760 | D:5      | Reached skill level 7 in Shapeshifting
  4114 | D:6      | Found an opulent altar of Gozag.
  4238 | D:6      | HP: 1/60 [orc wizard/magic dart (7)]
  4240 | D:6      | Killed from afar by an orc wizard

Illustrated notes

Levels and vault maps discovered:
D:1:      saegor_arrival_under_anarchy, layout_basic, grunt_decor_cap
D:2:      layout_loops_ring, basic_altar, uniq_natasha
D:3:      layout_loops_cross, uniq_sigmund
D:4:      layout_loops_cross, fedhas_ov_isle_minmay, serial_shops, shop, shop,
          shop, nicolae_lakefront_shop, uniq_blork_the_orc, uniq_pikel
D:5:      layout_rooms, nicolae_overflow_crystal_walls, serial_shops, shop,
          shop, shop, shop
D:6:      layout_cave_pools, nicolae_gozag_seed_capital, grunt_qazlal_clouds,
          cheibrodos_sewer_entry_bend, corexii_leaking_fountain,
          hangedman_decor_riveting

Skill      XL: |  1  2  3  4  5  6  7  8  9 |
---------------+----------------------------+-----
Fighting       | 2 3 4 |  4.9
Shapeshifting  | 4 5 6 7 |  7.2
Dodging        | 3 4 5 |  5.3
Unarmed Combat | 4 5 |  5.8
Shields        | 2 |  2.7

Action                     |  1- 3 |  4- 6 |  7- 9 || total
---------------------------+-------+-------+-------++-------
  Melee: Unarmed           |    49 |    70 |    98 ||   217
         Tentacles         |     7 |    18 |    23 ||    48
         Constrict         |    13 |    16 |    19 ||    48
         Punch             |     1 |     1 |     2 ||     4
  Throw: Javelin           |       |     6 |     8 ||    14
    Use: Potion            |       |     1 |     1 ||     2
   Stab: Sleeping          |     2 |     8 |     2 ||    12
         Distracted        |       |     1 |     1 ||     2
 Armour: Skin              |    19 |    24 |    55 ||    98
  Dodge: Dodged            |    29 |    26 |    36 ||    91
  Block: Buckler           |       |       |     9 ||     9

Table legend: (Time is in decaauts)
 A = Elapsed time spent in this place.
 B = Non-inter-level travel time spent in this place.
 C = Inter-level travel time spent in this place.
 D = Time resting spent in this place.
 E = Time spent auto-exploring this place.
 F = Levels seen in this place.
 G = Mean time per level.
                   A        B        C        D        E       F      G
               +--------+--------+--------+--------+--------+-----+--------+
         Total |   4231 |   4086 |    145 |    193 |   3190 |   6 |  705.2 |
       Dungeon |   4231 |   4086 |    145 |    193 |   3190 |   6 |  705.2 |
               +--------+--------+--------+--------+--------+-----+--------+

Top non-repeatable levels by time:
     D:4: 970 daAuts
     D:5: 846 daAuts
     D:2: 841 daAuts
     D:3: 771 daAuts
     D:1: 673 daAuts
     D:6: 127 daAuts
